Map: Jagannatha LE

Players

Kelazhur

  • Race: Terran Terran

SpeCial - Winner!

  • Race: Terran Terran

Event: DreamHack SC2 Masters 2021 Fall

VOD

Have the link to the VOD?

Description

Time

  • Played on: Aug. 1, 2021, 6:10 p.m.
  • Length: 16:18

All games in this series

Show
View Real Time Build Order
Export as new Build Order

Kelazhur Terran 

Build Orders:  

Get SALT Encoding   

  12  0:00  SCV  
  13  0:12  SCV  
  14  0:17  Supply Depot  
  14  0:24  SCV  
  15  0:38  SCV  
  15  0:40  Barracks  
  16  0:43  Refinery  
  16  0:50  SCV  
  16  0:53  Refinery  
  17  1:02  SCV  
  18  1:15  SCV  
  19  1:27  Barracks Reactor, Orbital Command  
  19  1:30  Supply Depot  
  19  1:40  Factory  
  19  1:53  SCV  
  20  2:03  Reaper x2  
  20  2:05  SCV  
  23  2:14  Supply Depot  
  23  2:17  SCV  
  24  2:24  Hellion  
  24  2:29  SCV  
  27  2:35  Reaper x2  
  29  2:42  SCV  
  30  2:45  Hellion  
  32  2:54  Command Center  
  32  2:57  SCV  
  33  3:07  Reaper x2  
  33  3:08  Hellion  
  37  3:18  Starport  
  37  3:21  Supply Depot  
  37  3:23  SCV  
  37  3:36  Factory Tech Lab  
  37  3:39  Marine x2  
  39  3:43  SCV  
  40  3:55  Refinery  
  37  3:57  Marine  
  38  4:05  Cyclone, Starport Tech Lab  
  38  4:06  SCV  
  43  4:22  Orbital Command  
  43  4:23  Marine x2, SCV  
  45  4:24  Raven  
  47  4:35  SCV  
  47  4:40  Cyclone  
  47  4:42  Marine x2  
  51  4:47  SCV x2  
  51  4:59  Marine x2, SCV  
  52  5:00  SCV  
  52  5:04  Supply Depot  
  55  5:07  Raven  
  55  5:11  SCV  
  55  5:12  Siege Tank  
  61  5:15  SCV  
  62  5:25  Marine x2, SCV  
  62  5:27  Supply Depot  
  65  5:29  SCV  
  66  5:40  Command Center  
  66  5:42  SCV  
  65  5:45  SCV  
  68  5:54  SCV  
  70  5:57  SCV  
  68  6:05  Viking x2  
  68  6:09  Marine  
  68  6:10  SCV  
  70  6:12  SCV  
  70  6:15  Siege Tank  
  70  6:17  Stimpack  
  70  6:23  SCV  
  71  6:30  Barracks x2  
  71  6:31  SCV  
  72  6:35  Viking x2  
  72  6:39  Marine  
  76  6:41  SCV  
  78  6:52  SCV, Supply Depot  
  78  6:53  SCV  
  80  6:56  SCV  
  80  7:00  Marine  
  74  7:04  SCV  
  74  7:05  Viking x2, SCV  
  77  7:11  Siege Tank  
  77  7:12  Orbital Command  
  73  7:16  SCV  
  73  7:18  SCV  
  73  7:19  Barracks Reactor  
  73  7:20  Barracks Reactor  
  74  7:24  Refinery  
  74  7:28  SCV  
  75  7:32  SCV  
  75  7:33  Engineering Bay  
  75  7:34  Engineering Bay  
  75  7:35  Viking x2  
  80  7:38  Marine  
  80  7:40  SCV  
  80  7:41  Orbital Command  
  82  7:46  SCV  
  82  7:50  Siege Tank  
  86  7:52  Barracks x2  
  86  7:56  Marine x2  
  86  7:58  Marine x3, SCV  
  92  8:00  SCV  
  93  8:05  Terran Infantry Weapons Level 1  
  93  8:10  SCV  
  93  8:11  Terran Infantry Armor Level 1  
  94  8:13  Marine, SCV  
  94  8:15  Medivac  
  94  8:16  Medivac  
  100  8:21  Refinery  
  100  8:22  Refinery, SCV  
  100  8:23  Supply Depot  
  101  8:29  Marine x2  
  101  8:33  SCV  
  100  8:35  SCV  
  100  8:36  Marine x2  
  101  8:41  Barracks Reactor x2, Combat Shield  
  101  8:44  Marine, Supply Depot, Siege Tank  
  101  8:45  Supply Depot  
  101  8:48  SCV x3  
  107  8:49  Marine  
  109  8:59  Supply Depot x2  
  109  9:00  Marine x2  
  109  9:01  Armory  
  109  9:02  SCV  
  112  9:04  Marine  
  112  9:09  Marine  
  113  9:13  Command Center  
  113  9:14  Supply Depot  
  106  9:26  Marine x6  
  106  9:28  Siege Tank  
  105  9:32  Marine x2  
  105  9:33  Marine  
  105  9:36  Medivac x2  
  100  9:43  Marine  
  100  9:44  Marine  
  102  9:47  Barracks  
  102  9:48  Barracks  
  102  9:49  Barracks  
  102  9:51  Marine x6  
  108  9:56  Terran Vehicle Weapons Level 1  
  109  10:00  Siege Tank  
  109  10:07  Marine x2  
  112  10:09  Marine  
  112  10:12  Terran Infantry Weapons Level 2  
  112  10:13  Terran Infantry Armor Level 2  
  114  10:15  Factory  
  114  10:16  Marine  
  114  10:18  Barracks Reactor  
  115  10:21  Marine x4  
  115  10:24  Marine  
  115  10:25  Marine  
  115  10:26  Medivac  
  115  10:27  Marine, Medivac  
  126  10:34  Marine  
  126  10:35  Planetary Fortress  
  127  10:36  SCV x3  
  130  10:48  SCV x2  
  130  10:50  Marine  
  130  10:51  Marine x7  
  136  11:00  Marine  
  136  11:02  SCV x2  
  136  11:04  SCV, Siege Tank  
  127  11:07  Marine x3  
  127  11:10  Siege Tank  
  134  11:14  SCV x3  
  137  11:24  Marine x8  
  137  11:25  Marine, Viking x2  
  148  11:30  Marine  
  148  11:31  Marine  
  150  11:36  Siege Tank  
  153  11:42  Siege Tank  
  154  11:52  Marine x13  
  167  11:55  Viking x2  
  167  11:56  Sensor Tower  
  167  11:59  Sensor Tower  
  171  12:13  Supply Depot  
  171  12:14  Supply Depot  
  171  12:17  Supply Depot, Siege Tank  
  158  12:24  Siege Tank  
  158  12:25  Viking  
  158  12:29  Marine x2  
  155  12:31  Marine x2  
  155  12:32  Marine x9  
  155  12:33  Terran Infantry Weapons Level 3  
  155  12:34  Terran Infantry Armor Level 3  
  132  12:47  Marine x2  
  132  12:49  Marine x9, Medivac  
  132  12:50  Marine x2  
  127  12:53  Siege Tank  
  127  12:55  Medivac  
  127  12:57  Hellbat  
  123  13:03  Terran Vehicle Weapons Level 2  
  123  13:04  Marine  
  123  13:05  Marine  
  122  13:07  Marine x3  
  124  13:15  Marine  
  124  13:16  Marine x4  
  124  13:19  Viking  
  131  13:25  Marine, Viking  
  134  13:37  Siege Tank  
  134  13:40  Marine, Siege Tank  
  134  13:41  Marine x10  
  147  13:44  Refinery  
  138  13:49  Marine  
  123  13:56  Marine  
  123  14:01  Viking, Command Center  
  126  14:09  Siege Tank  
  122  14:13  Marine  
  122  14:14  Marine x5  
  120  14:17  Medivac  
  120  14:23  Refinery  
  121  14:25  Marine x7  
  121  14:30  Siege Tank  
  131  14:31  Medivac  
  131  14:38  Marine x2  
  125  14:43  Siege Tank  
  125  14:44  Marine  
  125  14:45  Marine x5  
  109  14:47  Marine  
  109  14:48  Marine  
  103  14:55  Viking  
  103  15:04  Marine  
  103  15:05  Marine x7  
  111  15:12  Marine  
  111  15:13  Marine x3  
  111  15:14  Marine  
  101  15:20  Medivac  
  96  15:22  Marine  
  96  15:25  Medivac  
  99  15:32  Marine x6  
  99  15:34  Marine  
Show
View Real Time Build Order
Export as new Build Order

SpeCial Terran - Winner!

Build Orders: Gas First Reaper Expand 

Get SALT Encoding   

  12  0:00  SCV  
  13  0:12  SCV  
  14  0:18  Supply Depot  
  14  0:24  SCV  
  15  0:29  Refinery  
  15  0:40  SCV  
  16  0:44  Barracks  
  16  0:52  SCV  
  17  1:04  SCV  
  18  1:16  SCV  
  19  1:31  Reaper, Orbital Command  
  20  1:42  Command Center  
  20  1:53  Factory  
  20  1:57  SCV  
  21  2:05  Supply Depot  
  21  2:06  Marine  
  22  2:10  SCV  
  23  2:17  Refinery  
  23  2:26  Marine, SCV  
  27  2:37  Hellion  
  27  2:38  SCV, Starport  
  27  2:44  Marine  
  28  2:50  SCV  
  30  2:54  Orbital Command  
  32  2:58  Widow Mine  
  32  3:02  Barracks Tech Lab  
  32  3:05  SCV  
  33  3:17  SCV  
  33  3:19  SCV  
  35  3:22  Refinery  
  35  3:23  Hellion  
  35  3:25  Raven  
  39  3:29  Barracks Tech Lab  
  37  3:38  SCV  
  37  3:39  SCV  
  38  3:51  SCV  
  38  3:53  Barracks Reactor  
  39  3:59  Cyclone  
  34  4:03  SCV x2  
  33  4:15  SCV  
  36  4:22  Command Center  
  36  4:23  Raven  
  34  4:27  SCV  
  34  4:29  Supply Depot, SCV  
  35  4:31  Marine x2  
  37  4:39  SCV  
  37  4:41  SCV, Cyclone  
  39  4:49  Marine x2  
  39  4:52  SCV  
  39  4:53  SCV  
  40  5:04  SCV  
  40  5:05  SCV  
  42  5:16  SCV  
  42  5:17  SCV  
  42  5:18  Marine x2  
  46  5:26  Siege Tank  
  46  5:28  SCV  
  50  5:29  SCV  
  51  5:36  Marine x2, Orbital Command  
  51  5:40  SCV  
  51  5:41  SCV  
  54  5:48  Raven  
  55  5:52  SCV  
  55  5:54  Marine x2, SCV  
  57  6:04  SCV  
  57  6:06  SCV  
  55  6:11  Marine x2  
  55  6:13  Siege Tank  
  55  6:14  SCV  
  55  6:16  SCV  
  55  6:18  SCV  
  63  6:19  Refinery  
  63  6:21  Barracks  
  63  6:24  Barracks  
  63  6:27  SCV  
  63  6:28  SCV  
  63  6:29  Supply Depot  
  63  6:30  SCV  
  67  6:40  SCV  
  67  6:42  SCV  
  68  6:50  Viking x2  
  72  6:55  Marine  
  70  7:02  Siege Tank  
  70  7:03  SCV x2  
  72  7:10  Orbital Command  
  72  7:13  Marine  
  68  7:15  SCV  
  68  7:16  SCV  
  68  7:18  Stimpack  
  68  7:20  Viking x2  
  72  7:24  Barracks Reactor  
  72  7:25  Barracks  
  72  7:26  Barracks Reactor  
  72  7:27  SCV, Barracks  
  72  7:28  SCV  
  72  7:29  Supply Depot  
  74  7:31  Marine  
  74  7:36  SCV  
  76  7:39  SCV  
  77  7:45  SCV, Siege Tank, Supply Depot  
  77  7:48  SCV  
  77  7:49  Marine  
  83  7:51  Engineering Bay  
  83  7:52  SCV  
  83  7:54  Engineering Bay  
  83  7:57  SCV  
  85  8:00  SCV, Viking  
  85  8:04  SCV, Viking  
  91  8:09  Marine x4, SCV  
  91  8:11  Marine  
  91  8:12  SCV  
  98  8:16  SCV  
  98  8:17  Barracks Reactor x2  
  99  8:22  Refinery x2, Terran Infantry Weapons Level 1  
  99  8:23  SCV, Missile Turret  
  100  8:31  Viking  
  100  8:33  SCV x2  
  100  8:36  Marine  
  100  8:41  Supply Depot  
  101  8:43  Marine x4  
  101  8:47  Terran Infantry Armor Level 1, Viking  
  106  8:53  Marine  
  106  8:54  Marine  
  108  8:57  Marine  
  108  8:59  Sensor Tower  
  108  9:02  Marine x5, Siege Tank  
  117  9:10  Supply Depot  
  117  9:12  Supply Depot  
  117  9:14  Marine x3  
  117  9:15  Marine  
  121  9:20  Marine x2  
  115  9:26  Marine x2  
  115  9:29  Medivac x2  
  115  9:30  Marine  
  114  9:32  Marine, SCV  
  114  9:34  Marine, SCV  
  114  9:35  Marine  
  109  9:39  Marine x3  
  109  9:40  Siege Tank  
  109  9:44  Marine x2, SCV  
  118  9:46  SCV  
  118  9:48  Marine, Armory  
  119  9:54  Marine x3  
  119  9:56  Combat Shield  
  119  9:57  Marine  
  119  9:58  Marine x2  
  125  10:01  Marine x2  
  125  10:06  Marine  
  127  10:11  Marine, Supply Depot, Medivac  
  127  10:12  Marine x2, Medivac  
  127  10:13  Supply Depot  
  134  10:15  Marine x3  
  134  10:17  Siege Tank  
  134  10:19  Marine x2  
  141  10:26  Supply Depot  
  141  10:28  Factory  
  141  10:32  Marine x3  
  141  10:33  Marine  
  141  10:34  Marine x3, Supply Depot  
  148  10:36  Supply Depot  
  148  10:37  Marine  
  148  10:41  Terran Infantry Armor Level 2, Terran Infantry Weapons Level 2  
  149  10:45  Marine  
  147  10:52  Marine x4, Siege Tank  
  154  10:57  Marine x2  
  154  11:01  Marine  
  140  11:06  Marine x2  
  140  11:09  Viking  
  140  11:10  Marine x4  
  148  11:11  Viking  
  148  11:15  Marine x2  
  152  11:18  Marine  
  152  11:24  Marine x2  
  155  11:26  Siege Tank  
  155  11:27  Marine  
  155  11:32  Marine x3, Command Center  
  160  11:33  Marine  
  160  11:34  Marine  
  160  11:38  Marine  
  165  11:42  Marine  
  165  11:45  Marine  
  168  11:51  Marine x3  
  169  11:56  Liberator x2  
  169  11:57  Marine x2  
  169  11:58  Siege Tank  
  169  12:01  Marine  
  181  12:15  Marine x2  
  181  12:16  Marine  
  181  12:21  Marine x2  
  175  12:23  Marine  
  175  12:26  Marine  
  175  12:29  Marine x2  
  177  12:30  Siege Tank  
  177  12:33  Marine, Supply Depot  
  181  12:37  Supply Depot  
  181  12:41  Viking x2, Siege Tank  
  169  12:49  Marine x2  
  147  12:55  Marine x4  
  147  12:56  Marine x2  
  146  13:00  Marine  
  146  13:02  SCV x2, Siege Tank  
  152  13:06  Marine  
  152  13:07  Marine  
  152  13:11  Viking  
  156  13:13  Marine x4, Siege Tank  
  156  13:14  Marine x2  
  156  13:17  Terran Infantry Weapons Level 3  
  156  13:18  Marine  
  166  13:23  Viking  
  166  13:24  Marine x2  
  170  13:30  Marine  
  170  13:31  Marine x4  
  175  13:36  Marine x2  
  174  13:41  Viking  
  171  13:49  Marine  
  171  13:50  Siege Tank  
  171  13:53  Viking  
  171  13:54  Marine  
  171  13:55  Marine x7  
  160  14:05  Siege Tank  
  160  14:07  Marine  
  161  14:12  Marine x6  
  156  14:18  Marine x2  
  156  14:22  Siege Tank  
  161  14:24  Marine, Viking  
  161  14:29  Orbital Command  
  161  14:30  Marine x4  
  168  14:36  Marine  
  168  14:37  Siege Tank  
  155  14:40  Marine x3  
  155  14:42  Marine  
  142  14:45  Viking  
  142  14:48  Marine x2  
  142  14:52  Marine x2  
  144  14:53  Marine  
  144  14:54  Viking, Siege Tank  
  144  14:57  Marine x2  
  154  15:11  Marine x2  
  154  15:12  Marine  
  148  15:18  Marine, Siege Tank  
  148  15:19  Marine x3  
  148  15:20  Marine x2  
  146  15:21  Liberator  
  146  15:24  Liberator  
  152  15:29  Marine x2  
  152  15:34  Sensor Tower  
  154  15:39  Siege Tank  
  154  15:41  Marine  
  158  15:47  Marine x4  
  162  15:51  Marine x3  
  162  15:53  Marine  
  166  15:59  Marine  

Tags
 
Add a new tag
Caveats
  • Supply blocks, unpowered buildings, or Contaminate may cause inaccurate times.
  • Supply counts are checked every 10 seconds.